 Dungeon Crawl Stone Soup version 0.31.0-9-g3a7656b989 (webtiles) character file.

Game seed: 6271638028204965763

3064 zelenmisha the Frost Mage (level 9, -3/61 HPs)
             Began as a Merfolk Ice Elementalist on Jan 30, 2024.
             Was an Initiate of Vehumet.
             Slain by a gargoyle
             ... wielding a +0 mace
              (17 damage)
             ... on level 7 of the Dungeon.
             The game lasted 00:41:52 (7195 turns).

zelenmisha the Frost Mage (MfIE)                    Turns: 7195, Time: 00:41:53

Health: -3/61      AC:  8    Str:  8    XL:     9   Next: 88%
Magic:  14/19      EV: 15    Int: 19    God:    Vehumet [......]
Gold:   508        SH:  0    Dex: 14    Spells: 13/22 levels left

rFire   . . .        u - +3 flail (chaos)
rCold   + . .        (no shield)
rNeg    . . .        n - +2 robe
rPois   +            z - +0 helmet
rElec   .            (no cloak)
rCorr   .            r - +1 pair of gloves
SInv    .            l - +0 pair of boots
Will    .....        (no amulet)
Stlth   +++          p - ring of protection from cold
HPRegen 0.30/turn    G - ring of poison resistance
MPRegen 0.16/turn

%: no passive effects
@: no status effects
A: (nimble swimmer 2), mertail
a: Renounce Religion


You were on level 7 of the Dungeon.
You worshipped Vehumet.
Vehumet was noncommittal.
You visited 1 branch of the dungeon, and saw 7 of its levels.

You collected 508 gold pieces.

Inventory:

Hand Weapons
 d - a +0 short sword of electrocution
 f - the +4 sling "zelenmisha's Curse" {speed, Dex+3}
   (You found it on level 6 of the Dungeon)

   Dex+3:     It affects your dexterity (+3).
 o - a +2 heavy war axe
 u - a +3 flail of chaos (weapon)
 v - a +1 dagger of venom
 C - a +0 flail of protection
 E - a +4 battleaxe
Missiles
 g - 2 darts of dispersal
 D - 2 poisoned darts
Armour
 l - a +0 pair of boots (worn)
 n - a +2 robe (worn)
 r - a +1 pair of gloves (worn)
 z - a +0 helmet (worn)
Magical Staves
 a - a staff of alchemy
Jewellery
 p - a ring of protection from cold (left hand)
 G - a ring of poison resistance (right hand)
Wands
 m - a wand of flame (32)
 s - a wand of mindburst (14)
Scrolls
 x - a scroll of teleportation
 y - a scroll of vulnerability
Potions
 b - a potion of magic
 c - a potion of mutation {unknown}
 e - 3 potions of curing
 h - a potion of heal wounds
 k - a potion of ambrosia {unknown}
 q - a potion of might {unknown}
 A - 2 potions of resistance {unknown}


   Skills:
 + Level 2.1 Fighting
 + Level 1.0 Short Blades
 + Level 1.7 Maces & Flails
 + Level 8.0 Dodging
 + Level 6.0 Stealth
 + Level 1.0 Shields
 * Level 7.2 Spellcasting
 * Level 7.0 Summonings
 * Level 9.2 Ice Magic
 + Level 4.9 Evocations


You had 13 spell levels left.
You knew the following spells:

 Your Spells              Type           Power      Damage    Failure   Level
a - Freeze                Ice            100%       1d10      1%          1
b - Call Imp              Summ           66%        N/A       1%          2
c - Summon Ice Beast      Ice/Summ       37%        N/A       1%          3
d - Ozocubu's Armour      Ice            42%        N/A       1%          3

Your spell library contained the following spells:

 Spells                   Type           Power      Damage    Failure   Level
 Frozen Ramparts          Ice            84%        1d13      1%          3
 Magic Dart               Conj           24%        1d4       10%         1
 Blink                    Tloc           12%        N/A       16%         2
 Lesser Beckoning         Tloc           12%        N/A       16%         2
 Fugue of the Fallen      Necr           6%         N/A       30%         3
 Gell's Gravitas          Tloc           6%         N/A       30%         3
 Teleport Other           Tloc           6%         N/A       30%         3
 Manifold Assault         Tloc           6%         N/A       69%         4
 Vhi's Electric Charge    Tloc/Air       12%        N/A       69%         4
 Arcjolt                  Conj/Air       3%         1d13      95%         5
 Maxwell's Capacitive Co  Air            3%         ∞         100%        8


Dungeon Overview and Level Annotations

Branches:
Dungeon (7/15)             Temple (0/1) D:4

Altars:
Ashenzari
Elyvilon
Kikubaaqudgha
Uskayaw
Vehumet
Yredelemnul
The Shining One

Shops:
D:7 *


Innate Abilities, Weirdness & Mutations

((You are very nimble when in or above water. (Stealth+, EV+, Speed+++)))
Your lower body shifts to a powerful aquatic tail in water.


Message History

Your ice beast barely misses the gargoyle.
The steam dragon barely misses you. x2; The gargoyle hits you with a +0 mace.
Casting: Freeze (safe; 1% risk of failure)
Confirm with . or Enter, or press ? or * to list all spells.
Aiming: Freeze (safe; 1% risk of failure)
Press: ? - help, Shift-Dir - straight line, f - gargoyle, p - steam dragon
Aim: a gargoyle, wielding a +0 mace You freeze the gargoyle.
The gargoyle is moderately damaged.
Your ice beast hits the gargoyle but does no damage.
The steam dragon bites you. The steam dragon closely misses you.
The gargoyle hits you with a +0 mace.
You feel much better.
Your ice beast hits the gargoyle but does no damage.
The steam dragon misses you. The steam dragon completely misses you.
The gargoyle hurls a stone arrow at you.
The stone arrow misses you.
As you read the scroll labelled XUEPNO KAKKIYTA, it crumbles to dust.
It is a scroll of amnesia.
Okay, then.
Your ice beast barely misses the gargoyle.
The steam dragon breathes steam at you. The ball of steam hits you!
The gargoyle closely misses you.
You sock the steam dragon!
The steam dragon is almost dead.
You are engulfed in a cloud of scalding steam.
Your ice beast closely misses the gargoyle.
The steam dragon bites you. The steam dragon completely misses you.
The gargoyle hurls a stone arrow at you.
The stone arrow hits you!
* * * LOW HITPOINT WARNING * * *
Your ice beast barely misses the gargoyle.
The steam dragon bites you but does no damage.
The steam dragon barely misses you.
You barely miss the steam dragon.
The steam dragon is almost dead.
You are engulfed in a cloud of scalding steam.
* * * LOW HITPOINT WARNING * * *
The gargoyle hits you with a +0 mace!
You die...

..#### .... .....####
### #. ........###.#
#######.....# # ###
#.###.######
#######.# #.....§#
+.._..'.# #.....§#
###.###.###....§.# #
#.# #...'†..Y§@#
###'###..##....9D#
.........######.l.§..
#.##.....# #....§.
..##.....### #......
#.##.......# #.......
#.##.....#.#
#..........
#.##....##.#
#............ .#
#<##.......#
............ ..#


You could see a steam dragon (catching breath, drained, ally target), a
gargoyle, an iguana and a friendly ice beast (summoned).

Vanquished Creatures
  Sigmund (D:2)
  3 ice beasts (D:7)
  A bullfrog (D:7)
  2 wights (D:6)
  A hound (D:5)
  2 iguanas (D:5)
  Natasha (D:3)
  An orc wizard (D:6)
  A gnoll (D:3)
  3 adders
  An ufetubus (D:5)
  An orc (D:6)
  5 bats
  2 endoplasms (D:2)
  3 goblins
  3 hobgoblins (D:1)
  2 jackals (D:4)
  A quokka (D:4)
  5 ball pythons
  2 frilled lizards
  2 kobolds
  3 rats
46 creatures vanquished.

Vanquished Creatures (collateral kills)
  2 black bears (D:6)
  2 scorpions (D:7)
  2 wights (D:6)
  A howler monkey (D:7)
  3 hounds
  An orc priest (D:6)
  4 bombardier beetles
  2 jellies
  Ijyb (D:3)
  An iguana (D:5)
  Jessica (D:3)
  Natasha (D:3)
  Terence (D:3)
  6 gnolls
  5 adders
  2 white imps (D:7)
  An ufetubus (D:5)
  A ribbon worm (D:2)
  A dart slug (D:4)
  4 orcs
  6 endoplasms
  2 hobgoblins
  2 quokkas
  A ball python (D:2)
  A bat (D:2)
  A frilled lizard (D:1)
  5 goblins
  7 kobolds
  2 rats
69 creatures vanquished.

Grand Total: 115 creatures vanquished

Notes
Turn   | Place    | Note
-------+----------+-------------------------------------------
     0 | D:1      | zelenmisha the Merfolk Ice Elementalist began the quest for
                  | the Orb.
     0 | D:1      | Reached XP level 1. HP: 13/13 MP: 3/3
   247 | D:1      | Reached XP level 2. HP: 19/19 MP: 0/5
   362 | D:1      | Learned a level 2 spell: Call Imp
   985 | D:2      | Found a white marble altar of Elyvilon.
  1016 | D:2      | Reached XP level 3. HP: 24/24 MP: 6/6
  1148 | D:2      | Noticed Sigmund
  1192 | D:2      | Killed Sigmund
  1193 | D:2      | Reached skill level 5 in Ice Magic
  1193 | D:2      | Reached XP level 4. HP: 10/30 MP: 1/9
  1193 | D:2      | Reached XP level 5. HP: 12/35 MP: 1/10
  1416 | D:2      | Learned a level 3 spell: Summon Ice Beast
  1420 | D:2      | Learned a level 3 spell: Ozocubu's Armour
  1998 | D:2      | Reached XP level 6. HP: 41/41 MP: 6/11
  2259 | D:3      | Found a hide-covered altar of Uskayaw.
  2259 | D:3      | Noticed Natasha
  2275 | D:3      | Killed Natasha
  2414 | D:3      | Noticed Ijyb
  2428 | D:3      | Killed Ijyb
  2501 | D:3      | Noticed Jessica
  2518 | D:3      | Killed Jessica
  2727 | D:3      | Noticed Natasha
  2744 | D:3      | Killed Natasha
  2908 | D:3      | Noticed Terence
  2912 | D:3      | Killed Terence
  2913 | D:3      | Reached skill level 1 in Short Blades
  2990 | D:3      | Found a faded altar of an unknown god.
  3024 | D:3      | Found a glowing golden altar of the Shining One.
  3026 | D:3      | Noticed an angel
  3134 | D:3      | Found a basalt altar of Yredelemnul.
  3137 | D:3      | Noticed a profane servitor
  3183 | D:3      | Reached XP level 7. HP: 47/47 MP: 9/12
  3653 | D:4      | Found a staircase to the Ecumenical Temple.
  3729 | D:4      | Reached skill level 6 in Ice Magic
  4681 | D:5      | Entered Level 5 of the Dungeon
  4836 | D:5      | Reached skill level 1 in Maces & Flails
  5146 | D:5      | Reached skill level 1 in Fighting
  5221 | D:5      | Reached skill level 1 in Shields
  5612 | D:6      | Found a radiant altar of Vehumet.
  5619 | D:6      | Reached XP level 8. HP: 54/54 MP: 10/14
  5652 | D:6      | Became a worshipper of Vehumet
  5985 | D:6      | Reached skill level 5 in Spellcasting
  6111 | D:6      | Reached skill level 7 in Ice Magic
  6134 | D:6      | Reached skill level 5 in Stealth
  6134 | D:6      | Reached skill level 9 in Ice Magic
  6134 | D:6      | Reached XP level 9. HP: 59/59 MP: 15/19
  6393 | D:6      | Identified the +4 sling "zelenmisha's Curse" {speed, Dex+3}
  6686 | D:7      | Found Ynguol's General Store.
  6758 | D:7      | Found an ancient bone altar of Kikubaaqudgha.
  7115 | D:7      | Found a broken altar of Ashenzari.
  7181 | D:7      | Noticed a gargoyle
  7195 | D:7      | Slain by a gargoyle

Illustrated notes

Levels and vault maps discovered:
D:1:      heliophobic_arrival_battle_scene, layout_loops_ring,
          hangedman_decor_clover_reticule
D:2:      layout_basic, basic_altar, uniq_sigmund
D:3:      layout_basic, grunt_temple_overflow_holy_war,
          mainiacjoe_overflow_alcove_4, ebering_ecumenical_altar_box,
          nicolae_the_louvre, uniq_jessica, uniq_ijyb, uniq_terence,
          uniq_natasha
D:4:      layout_basic, minmay_temple_entry_gardened_gates
D:5:      layout_basic, reono_crystal_passage
D:6:      layout_basic, vehumet_altar_wand_db, kennysheep_generic_room_5
D:7:      layout_basic, lemuel_doored_altar, mainiacjoe_overflow_brackets,
          serial_shops, kennysheep_little_box, st_stairs_11

Skill      XL: |  1  2  3  4  5  6  7  8  9 |
---------------+----------------------------+-----
Dodging        | 3 4 8 |  8.0
Spellcasting   | 3 4 7 |  7.2
Summonings     | 2 3 6 7 |  7.0
Ice Magic      | 5 6 9 |  9.2
Stealth        | 3 5 6 |  6.0
Short Blades   | 1 |  1.0
Maces & Flails | 1 |  1.7
Fighting       | 1 2 |  2.1
Shields        | 1 |  1.0
Evocations     | 4 |  4.9

Action                     |  1- 3 |  4- 6 |  7- 9 || total
---------------------------+-------+-------+-------++-------
  Melee: Dagger            |       |    34 |     2 ||    36
         Flail             |       |    17 |    89 ||   106
         Punch             |       |       |     1 ||     1
   Cast: Freeze            |    22 |    12 |    15 ||    49
         Call Imp          |     8 |     2 |       ||    10
         Summon Ice Beast  |       |    15 |    31 ||    46
         Ozocubu's Armour  |       |     1 |    10 ||    11
    Use: Scroll            |       |     6 |     9 ||    15
         Potion            |       |       |     3 ||     3
   Stab: Sleeping          |       |     1 |       ||     1
         Confused          |       |       |     1 ||     1
 Armour: Robe              |    14 |    46 |   105 ||   165
         Skin              |       |       |     1 ||     1
  Dodge: Dodged            |    16 |    52 |   112 ||   180
  Block: Kite shield       |       |     7 |    26 ||    33
